 Dungeon Crawl Stone Soup version 0.17-a0-1115-g0372368 (webtiles) character file.

134 tehphobia the Insei (level 5, -7/28 HPs)
             Began as a Vine Stalker Monk on May 24, 2015.
             Killed by divine providence
             ... invoked by an orc priest
              (10 damage)
             ... on level 3 of the Dungeon.
             The game lasted 00:04:19 (1827 turns).

tehphobia the Insei (Vine Stalker Monk)             Turns: 1827, Time: 00:04:19

Health: -7/28      AC: 11    Str: 15    XL:     5   Next: 17%
Magic:  0/6        EV:  5    Int: 10    God:
Gold:   126        SH:  0    Dex: 16    Spells: 0 memorised, 4 levels left

rFire  . . .     SeeInvis .       - Unarmed
rCold  . . .     Clarity  .     e - +0 plate armour
rNeg   . . .     SustAt   .     (no shield)
rPois  .         Gourm    .     (no helmet)
rElec  .         Spirit   +     (no cloak)
rCorr  .         Warding  .     (no gloves)
rMut   .         Stasis   .     q - +0 pair of boots
MR     .....                    (no amulet)
Stlth  ..........               (no ring)
                                (no ring)

@: not resistant to hostile enchantments, extremely unstealthy
A: fangs 2, regeneration 1, magic shield, antimagic bite, no device heal 3, rot
immunity
a: no special abilities


You were on level 3 of the Dungeon.
You were not hungry.

You visited 1 branch of the dungeon, and saw 3 of its levels.

You collected 126 gold pieces.

Inventory:

Armour
 a - a +0 robe
 e - a +0 plate armour (worn)
 j - a cursed -2 scale mail
 q - a +0 pair of boots (worn)
Magical devices
 p - a wand of confusion (15)
Scrolls
 c - 6 scrolls of identify
 h - 2 scrolls of random uselessness
 i - a scroll of immolation {unknown}
 k - a scroll of blinking {unknown}
Potions
 d - a potion of heal wounds {unknown}
 f - a potion of haste {unknown}
 g - a potion of curing {unknown}
 l - a potion of lignification {unknown}
 m - a potion of brilliance {unknown}
 n - a potion of might {unknown}
Comestibles
 b - a bread ration
 o - a meat ration
 r - a slice of pizza
 s - a chunk of flesh


   Skills:
 + Level 3.5 Fighting
 + Level 1.4 Armour
 + Level 3.2 Dodging
 - Level 2.7 Stealth
 - Level 4.4 Unarmed Combat


You had 4 spell levels left.
You didn't know any spells.

Dungeon Overview and Level Annotations

Branches:
Dungeon (3/15)

Altars:
Fedhas
Gozag


Innate Abilities, Weirdness & Mutations

You have extremely sharp teeth.
Your natural rate of healing is unusually fast.
When hurt, damage is shared between your health and your magic reserves.
Your bite disrupts and absorbs the magic of your enemies.
Potions and wands cannot restore your health.
You are immune to rotting.


Message History

You miss something. Your bite misses something.
Something hits you but does no damage.
You closely miss something. You bite something.
Something hits you but does no damage.
The orc priest utters an invocation to Beogh.
You feel troubled.
Your plate armour prevents you from hitting something.
Something hits you but does no damage.
You closely miss something. You bite something.
Something hits you but does no damage.
You miss something. You bite something. You drain its magic.
You hear some strange, mumbled words.
A puff of flame appears from out of thin air!
The puff of flame hits you!
* * * LOW HITPOINT WARNING * * *
You miss something. You bite something. You drain its magic.
You feel invigorated. Something hits you but does no damage.
The orc priest mumbles some strange prayers to Beogh against you.
Something smites you!
You die...

##.##### #...†...# #(# #.......#
#(# ####.#### ... ##(## #.# ...
##...## #.# #.# ##..)).##
######.### #.###
#.......###........# #.#.##
#.........##.#....#.#######....#
.'.........'....@^...............
##.........##.#...#..######.....#
##.......###.##{....# ##.#.##
##.....## #.##o###.# #.###
##...## #.##.###.# #.# ##+##
#...o....# #.# ####o##### #.# #.#
#.# o.oo....# ...###


You could see 2 orc priests and an orc.

Vanquished Creatures
  2 orc wizards (D:3)
  2 adders (D:2)
  An ooze (D:2)
  A worm (D:2)
  2 giant geckos
  6 orcs (D:3)
  4 bats
  4 goblins
  7 hobgoblins
  4 jackals
  3 giant cockroaches
  6 giant newts
  7 kobolds
  5 rats
54 creatures vanquished.

Vanquished Creatures (others)
  An orc wizard (D:3)
1 creature vanquished.

Grand Total: 55 creatures vanquished

Notes
Turn   | Place    | Note
--------------------------------------------------------------
     0 | D:1      | tehphobia the Vine Stalker Monk began the quest for the Orb.
     0 | D:1      | Reached XP level 1. HP: 11/11 MP: 2/2
   185 | D:1      | Reached XP level 2. HP: 16/16 MP: 3/3
   824 | D:2      | Reached XP level 3. HP: 13/20 MP: 4/4
   994 | D:2      | Found a blossoming altar of Fedhas.
  1063 | D:2      | Reached XP level 4. HP: 20/24 MP: 3/5
  1527 | D:3      | Reached skill level 1 in Armour
  1621 | D:3      | Found an opulent altar of Gozag.
  1664 | D:3      | Reached XP level 5. HP: 28/28 MP: 6/6
  1820 | D:3      | HP: 1/28 [something/puff of flame (8)]
  1827 | D:3      | Killed from afar by an orc priest

Vault maps used:
D:1:      lightli_arrival_quake, serial_glass, glass_columns_a, glass_columns_b,
          kennysheep_small_spiral
D:2:      nicolae_overflow_crystal_walls
D:3:      grunt_gozag_statues, gammafunk_temple_overflow_statue

Action                   |  1- 3 |  4- 6 || total
-------------------------+-------+-------++-------
Melee: Unarmed           |   124 |    85 ||   209
  Use: Scroll            |     3 |       ||     3
  Eat: Chunk             |       |     3 ||     3
